 Dungeon Crawl Stone Soup version 0.24.0-1-gfbc8707122 (webtiles) character file.

Game seed: 6028750458851420775, levelgen mode: deterministic

205 Fv001 the Covered (level 5, -1/42 HPs)
             Began as a Demonspawn Fighter on Oct 27, 2019.
             Hit by a boomerang thrown by an orc warrior (12 damage)
             ... on level 3 of the Dungeon.
             The game lasted 00:06:22 (2315 turns).

Fv001 the Covered (Demonspawn Fighter)              Turns: 2315, Time: 00:06:23

Health: -1/42      AC: 16    Str: 17    XL:     5   Next: 52%
Magic:  5/5        EV:  8    Int:  9    God:
Gold:   97         SH:  9    Dex: 15    Spells: 4/4 levels left

rFire    . . .     SeeInvis .   a - +0 war axe
rCold    . . .     Gourm    +   c - +0 shield
rNeg     + . .     Faith    .   q - +3 chain mail {rN+}
rPois    .         Spirit   .   p - +2 helmet
rElec    .         Reflect  .   (no cloak)
rCorr    .         Harm     .   k - +0 pair of gloves
MR       .....                  (no boots)
Stlth    ..........             j - amulet of the gourmand
HPRegen  0.14/turn              g - +2 ring of dexterity
MPRegen  0.09/turn              (no ring)

@: no status effects
A: claws 1, repulsion field 2, demonic guardian 1
a: no special abilities


You were on level 3 of the Dungeon.
You were completely stuffed.

You visited 1 branch of the dungeon, and saw 3 of its levels.

You collected 97 gold pieces.

Inventory:

Hand Weapons
 a - a +0 war axe (weapon)
 r - a +0 flail
Armour
 c - a +0 shield (worn)
 k - a +0 pair of gloves (worn)
 p - a +2 helmet (worn)
 q - a +3 chain mail of positive energy (worn)
Jewellery
 d - an uncursed amulet of faith {unknown}
 g - a +2 ring of dexterity (left hand)
 j - an amulet of the gourmand (around neck)
Scrolls
 n - a scroll of teleportation {unknown}
Potions
 e - 4 potions of degeneration {unknown}
 h - a potion of heal wounds {unknown}
 i - a potion of curing {unknown}
 l - a potion of magic {unknown}
 m - a potion of lignification {unknown}
 o - a potion of flight {unknown}
Comestibles
 b - 6 chunks of flesh
 f - 9 rations


   Skills:
 + Level 3.7 Fighting
 * Level 3.1 Axes
 * Level 4.0 Armour
 + Level 1.5 Dodging
 - Level 2.9 Shields


You had 4 spell levels left.
You didn't know any spells.
Your spell library was empty.

Dungeon Overview and Level Annotations

Branches:
Dungeon (3/15)

Altars:
Ashenzari

Annotations:
D:3 Grinder


Innate Abilities, Weirdness & Mutations

You have sharp fingernails.
You are surrounded by a moderate repulsion field. (EV +3)
A weak demonic guardian rushes to your aid.


Message History

Your quasit claws the orc warrior but does no damage.
The orc warrior throws a boomerang.
The boomerang hits your quasit.
Your quasit dies!
The weapon returns to the orc warrior!
Your white imp gestures at the orc warrior.
The puff of frost hits the orc warrior but does no damage.
Unknown command.
The orc wizard mumbles some strange words.
The orc wizard blinks!
Unknown command.
Your white imp disappears in a puff of smoke!
The orc warrior throws a boomerang.
The boomerang closely misses your shadow imp.
The boomerang hits you.
* * * LOW HITPOINT WARNING * * *
The weapon returns to the orc warrior!
Unknown command.
You block the orc wizard's attack.
The orc warrior throws a boomerang.
The boomerang hits you!
You die...

....... ##[###
.......###### #.#
.......)....# #.#
.g..#...§K..# #.#####
..). #5..§.###
##.....## ##.(o5..#
##.......##
.##)##..####.........#
..............)÷......#
##.#.###...@÷)........#
#.......##o.#<........#
#...........).........#
......................#
..
.........#..........#
...>....#<#.........#
#..###...#..........#
#.............. ...
..........#


You could see an orc warrior, an orc wizard, a kobold and a friendly shadow imp.

Vanquished Creatures
  An orc priest (D:3)
  Robin (D:2)
  2 gnolls (D:1)
  2 adders (D:2)
  An ooze (D:1)
  A worm (D:2)
  4 leopard geckos
  2 orcs
  A ball python (D:1)
  2 giant cockroaches
  10 hobgoblins
  3 bats
  3 frilled lizards (D:1)
  14 goblins
  6 kobolds
  2 rats
  A toadstool (D:1)
56 creatures vanquished.

Vanquished Creatures (collateral kills)
  An orc priest (D:3)
  An orc wizard (D:3)
  Terence (D:3)
  3 orcs (D:3)
  A ball python (D:3)
  3 goblins (D:3)
10 creatures vanquished.

Vanquished Creatures (others)
  3 toadstools (D:1)
3 creatures vanquished.

Grand Total: 69 creatures vanquished

Notes
Turn   | Place    | Note
-------+----------+-------------------------------------------
     0 | D:1      | Fv001 the Demonspawn Fighter began the quest for the Orb.
     0 | D:1      | Reached XP level 1. HP: 18/18 MP: 1/1
    15 | D:1      | Gained mutation: You have sharp fingernails. [demonic
                  | ancestry]
    15 | D:1      | Reached XP level 2. HP: 24/24 MP: 2/2
    64 | D:1      | Reached skill level 3 in Armour
   272 | D:1      | Gained mutation: You are surrounded by a mild repulsion
                  | field. (EV +2) [demonic ancestry]
   272 | D:1      | Reached XP level 3. HP: 17/29 MP: 3/3
   827 | D:2      | Found a shattered altar of Ashenzari.
   978 | D:2      | Gained mutation: A weak demonic guardian rushes to your
                  | aid. [demonic ancestry]
   978 | D:2      | Reached XP level 4. HP: 19/35 MP: 4/4
  1039 | D:2      | Reached skill level 1 in Dodging
  1675 | D:3      | Noticed Terence
  1682 | D:3      | Killed Terence
  1739 | D:3      | Noticed Robin
  2093 | D:2      | Killed Robin
  2093 | D:2      | Gained mutation: You are surrounded by a moderate repulsion
                  | field. (EV +3) [demonic ancestry]
  2093 | D:2      | Reached XP level 5. HP: 35/41 MP: 5/5
  2300 | D:3      | Noticed an orc warrior
  2306 | D:3      | Reached skill level 4 in Armour
  2306 | D:3      | Noticed Grinder
  2315 | D:3      | Hit by a boomerang thrown by an orc warrior

Levels and vault maps discovered:
D:1:      ldierk_water_garden, layout_basic
D:2:      layout_basic, old_standard_altar, first_ration
D:3:      layout_rooms, st_stairs_14, minmay_checkerbox, uniq_grinder,
          uniq_sigmund, uniq_terence, uniq_robin

Skill      XL: |  1  2  3  4  5 |
---------------+----------------+-----
Armour         | 3 4 |  4.0
Axes           | 2 3 |  3.1
Dodging        | 1 |  1.5
Fighting       | |  3.7
Shields        | |  2.9

Action                   |  1- 3 |  4- 6 || total
-------------------------+-------+-------++-------
Melee: War axe           |   115 |    94 ||   209
  Use: Potion            |     1 |       ||     1
       Scroll            |     4 |       ||     4
  Eat: Chunk             |     3 |    13 ||    16
Armor: Scale mail        |    58 |    21 ||    79
       Chain mail        |       |    34 ||    34
Dodge: Dodged            |    41 |    41 ||    82
Block: Shield            |    60 |    60 ||   120
